TOP OF THE 1ST |
National League All-Stars batting - Pitching for American League All-Stars : RHP Mike Powell
|
Pitching: RHP Mike Powell
|
|
Batting: LHB Ryan Flynn Jr.
|
0-0: Ball 1-0: Foul Ball, location: 2F 1-1: Ground out 6-3 (Groundball, 56, EV 86.2 MPH)
|
Batting: RHB Andy Swaim
|
0-0: Called Strike 0-1: Swinging Strike 0-2: Ball 1-2: Ball 2-2: Ball 3-2: Fly out, F2 (Popup, 5SF, EV 83.1 MPH)
|
Batting: RHB Tim Nettles
|
0-0: Called Strike 0-1: Swinging Strike 0-2: Strikes out swinging, 2-3 out at first.
|
Top of the 1st over - 0 runs, 0 hits, 0 errors, 0 left on base; National League 0 - American League 0 |
BOTTOM OF THE 1ST |
American League All-Stars batting - Pitching for National League All-Stars : RHP Dantae Elizondo
|
Pitching: RHP Dantae Elizondo
|
|
Batting: RHB Donny Burnside
|
0-0: Ball 1-0: Ball 2-0: Called Strike 2-1: SINGLE (Groundball, 6S, EV 70.0 MPH) (infield hit)
|
Batting: RHB Dieter Knoops
|
0-0: Called Strike 0-1: Ball 1-1: Ball Donny Burnside steals 2nd base 2-1: DOUBLE (Groundball, 5L, EV 103.8 MPH) Donny Burnside scores
|
Batting: SHB Eduardo Maldonado
|
0-0: Ball 1-0: Called Strike 1-1: Ball 2-1: Foul Ball, location: 2F 2-2: Ball 3-2: Ground out 4-3 (Groundball, 4, EV 103.8 MPH) Dieter Knoops to third
|
Batting: RHB Ryan Alban
|
0-0: SINGLE (Line Drive, 34D, EV 106.2 MPH) Dieter Knoops scores
|
Batting: SHB Willie Koviak
|
0-0: Called Strike 0-1: Grounds into double play, 6-4-3 (Groundball, 6, EV 104.4 MPH)
|
Bottom of the 1st over - 2 runs, 3 hits, 0 errors, 0 left on base; National League 0 - American League 2 |
TOP OF THE 2ND |
National League All-Stars batting - Pitching for American League All-Stars : RHP Mike Powell
|
Pitching: RHP Andy Knothe
|
|
Batting: LHB Chris Fandino
|
0-0: Ball 1-0: Ball 2-0: Ball 3-0: Base on Balls
|
Batting: RHB Josh Lyon
|
0-0: Foul Ball, location: 2F 0-1: Called Strike 0-2: Strikes out swinging
|
Batting: RHB Kory Sanchez
|
0-0: Called Strike 0-1: Foul Ball, location: 2F 0-2: Strikes out swinging
|
Batting: RHB Matt Strong
|
0-0: Ball 1-0: DOUBLE (Groundball, 3L, EV 105.6 MPH) Chris Fandino to third
|
Batting: LHB Jesse Henly
|
0-0: Ball 1-0: Ball 2-0: Ground out 5-3 (Groundball, 5, EV 106.9 MPH)
|
Top of the 2nd over - 0 runs, 1 hit, 0 errors, 2 left on base; National League 0 - American League 2 |
BOTTOM OF THE 2ND |
American League All-Stars batting - Pitching for National League All-Stars : RHP Dantae Elizondo
|
Pitching: RHP Matt Murray
|
|
Batting: LHB Chance Stever
|
0-0: Fly out, F8 (Line Drive, 8RM, EV 97.5 MPH)
|
Batting: RHB Stu Rancourt
|
0-0: Called Strike 0-1: Ball 1-1: Called Strike 1-2: Ball 2-2: Strikes out swinging
|
Batting: LHB Frank Mullen
|
0-0: Ball 1-0: Foul Ball, location: 2F 1-1: Ball 2-1: Foul Ball, location: 2F 2-2: Foul Ball, location: 2F 2-2: Strikes out swinging
|
Bottom of the 2nd over - 0 runs, 0 hits, 0 errors, 0 left on base; National League 0 - American League 2 |
TOP OF THE 3RD |
National League All-Stars batting - Pitching for American League All-Stars : RHP Andy Knothe
|
Pitching: RHP Alfredo Leiva
|
|
Batting: LHB Yeong-hun Joe
|
0-0: Foul Ball, location: 2F 0-1: Ball 1-1: Called Strike 1-2: Fly out, F2 (Popup, 2RF, EV 89.4 MPH)
|
Batting: LHB Ryan Flynn Jr.
|
0-0: Ball 1-0: Called Strike 1-1: Ball 2-1: Ball 3-1: Foul Ball, location: 2F 3-2: Fly out, F9 (Flyball, 9LS, EV 70.6 MPH)
|
Batting: RHB Andy Swaim
|
0-0: Ball 1-0: Ball 2-0: Ground out 4-3 (Groundball, 34D, EV 81.9 MPH)
|
Top of the 3rd over - 0 runs, 0 hits, 0 errors, 0 left on base; National League 0 - American League 2 |
BOTTOM OF THE 3RD |
American League All-Stars batting - Pitching for National League All-Stars : RHP Matt Murray
|
Pitching: RHP Jarred Sharp
|
|
Batting: RHB Hieronim Rutkowski
|
0-0: Ball 1-0: Ball 2-0: Ball 3-0: Base on Balls
|
Batting: RHB Donny Burnside
|
0-0: Grounds into double play, 6-4-3 (Groundball, 56, EV 110.0 MPH)
|
Batting: RHB Dieter Knoops
|
0-0: Called Strike 0-1: Fly out, F8 (Line Drive, 8RD, EV 91.9 MPH)
|
Bottom of the 3rd over - 0 runs, 0 hits, 0 errors, 0 left on base; National League 0 - American League 2 |
TOP OF THE 4TH |
National League All-Stars batting - Pitching for American League All-Stars : RHP Alfredo Leiva
|
Pitching: RHP Josh Heath
|
|
Batting: RHB Tim Nettles
|
0-0: Ball 1-0: Foul Ball, location: 2F 1-1: Ground out 5-3 (Groundball, 56S, EV 66.2 MPH)
|
Batting: LHB Chris Fandino
|
0-0: Called Strike 0-1: Called Strike 0-2: Strikes out swinging
|
Batting: RHB Josh Lyon
|
0-0: Ball 1-0: Foul Ball, location: 2F 1-1: Ball 2-1: Foul Ball, location: 2F 2-2: Ground out U3 (Groundball, 34S, EV 85.0 MPH)
|
Top of the 4th over - 0 runs, 0 hits, 0 errors, 0 left on base; National League 0 - American League 2 |
BOTTOM OF THE 4TH |
American League All-Stars batting - Pitching for National League All-Stars : RHP Jarred Sharp
|
Pitching: RHP David Deon
|
|
Batting: SHB Eduardo Maldonado
|
0-0: Ball 1-0: Swinging Strike 1-1: Ball 2-1: Swinging Strike 2-2: Strikes out swinging
|
Batting: RHB Ryan Alban
|
0-0: Called Strike 0-1: Ball 1-1: Ball 2-1: Foul Ball, location: 2F 2-2: Strikes out swinging
|
Batting: SHB Willie Koviak
|
0-0: Foul Ball, location: 2F 0-1: Hit by Pitch
|
Batting: LHB Chance Stever
|
0-0: 2-RUN HOME RUN (Flyball, 9D, EV 99.4 MPH), Distance : 371 ft
|
Batting: RHB Stu Rancourt
|
0-0: Ball 1-0: Called Strike 1-1: Ball 2-1: Ground out 5-3 (Groundball, 56, EV 106.2 MPH)
|
Bottom of the 4th over - 2 runs, 1 hit, 0 errors, 0 left on base; National League 0 - American League 4 |
TOP OF THE 5TH |
National League All-Stars batting - Pitching for American League All-Stars : RHP Josh Heath
|
Batting: RHB Kory Sanchez
|
0-0: Called Strike 0-1: Ball 1-1: Swinging Strike 1-2: Strikes out looking
|
Batting: RHB Matt Strong
|
0-0: Foul Ball, location: 2F 0-1: Called Strike 0-2: Ground out 6-3 (Groundball, 6M, EV 100.6 MPH)
|
Batting: LHB Jesse Henly
|
0-0: Ball 1-0: SINGLE (Groundball, 34D, EV 106.2 MPH) (infield hit)
|
Batting: LHB Yeong-hun Joe
|
0-0: Ball Jesse Henly steals 2nd base 1-0: Ball 2-0: Called Strike 2-1: Called Strike 2-2: SINGLE (Flyball, 7LS, EV 98.8 MPH) Jesse Henly to third Runner from 3rd tries for Home, SAFE, throw by LF to home
|
Pitching: RHP Steve DiDomenico
|
|
Batting: LHB Ryan Flynn Jr.
|
0-0: Ball 1-0: Foul Ball, location: 2F 1-1: Ball 2-1: Foul Ball, location: 2F Pickoff Throw to First - Error! E1 Yeong-hun Joe to second 2-2: SINGLE (Line Drive, 78S, EV 95.6 MPH) Yeong-hun Joe to third Runner from 3rd tries for Home, SAFE, throw by CF to home
|
Batting: RHB Andy Swaim
|
0-0: Ball 1-0: Ball 2-0: Called Strike 2-1: Swinging Strike 2-2: Strikes out looking
|
Top of the 5th over - 2 runs, 3 hits, 1 error, 1 left on base; National League 2 - American League 4 |
BOTTOM OF THE 5TH |
American League All-Stars batting - Pitching for National League All-Stars : RHP David Deon
|
Pitching: RHP Eric Fragoso
|
|
Batting: LHB Frank Mullen
|
0-0: Called Strike 0-1: Ball 1-1: Ball 2-1: Called Strike 2-2: Ball 3-2: Ground out 5-3 (Groundball, 56, EV 88.8 MPH)
|
Batting: RHB Hieronim Rutkowski
|
0-0: Ball 1-0: Ball 2-0: Foul Ball, location: 2F 2-1: Called Strike 2-2: Strikes out swinging
|
Batting: RHB Donny Burnside
|
0-0: SINGLE (Line Drive, 56D, EV 99.4 MPH)
|
Batting: RHB Dieter Knoops
|
0-0: Ball Donny Burnside steals 2nd base 1-0: Ball 2-0: Ball 3-0: Base on Balls
|
Batting: SHB Eduardo Maldonado
|
0-0: Foul Ball, location: 2F 0-1: Called Strike 0-2: Ball 1-2: Foul Ball, location: 2F 1-2: Ball 2-2: Foul Ball, location: 2F 2-2: 3-RUN HOME RUN (Flyball, 9LD, EV 92.5 MPH), Distance : 346 ft
|
Batting: RHB Ryan Alban
|
0-0: Called Strike 0-1: Called Strike 0-2: Ball 1-2: Ball 2-2: Ball 3-2: Fly out, F7 (Flyball, 78XD, EV 103.1 MPH)
|
Bottom of the 5th over - 3 runs, 2 hits, 0 errors, 0 left on base; National League 2 - American League 7 |
TOP OF THE 6TH |
National League All-Stars batting - Pitching for American League All-Stars : RHP Steve DiDomenico
|
Batting: RHB Tim Nettles
|
0-0: Ball 1-0: Swinging Strike 1-1: Swinging Strike 1-2: Strikes out swinging
|
Batting: LHB Chris Fandino
|
0-0: Fly out, F6 (Line Drive, 6, EV 75.0 MPH)
|
Pitching: RHP David Breaux
|
|
Batting: RHB Josh Lyon
|
0-0: Foul Ball, location: 2F 0-1: Ball 1-1: Foul Ball, location: 2F 1-2: Fly out, F8 (Flyball, 89XD, EV 96.2 MPH)
|
Top of the 6th over - 0 runs, 0 hits, 0 errors, 0 left on base; National League 2 - American League 7 |
BOTTOM OF THE 6TH |
American League All-Stars batting - Pitching for National League All-Stars : RHP Eric Fragoso
|
Batting: SHB Willie Koviak
|
0-0: Fly out, F8 (Flyball, 8LM, EV 76.2 MPH)
|
Batting: LHB Chance Stever
|
0-0: Called Strike 0-1: Ball 1-1: Called Strike 1-2: Foul Ball, location: 2F 1-2: Fly out, F9 (Flyball, 89D, EV 102.5 MPH)
|
Pitching: LHP Jerry Woods
|
|
Pinch Hitting: LHB Kevin Rolison
|
0-0: Called Strike 0-1: Ball 1-1: Foul Ball, location: 2F 1-2: Ball 2-2: Strikes out looking
|
Bottom of the 6th over - 0 runs, 0 hits, 0 errors, 0 left on base; National League 2 - American League 7 |
TOP OF THE 7TH |
National League All-Stars batting - Pitching for American League All-Stars : RHP David Breaux
|
Now in RF: David Seminario
|
|
Batting: LHB Michael Tuttle
|
0-0: Called Strike 0-1: SOLO HOME RUN (Flyball, 89XD, EV 107.5 MPH), Distance : 403 ft
|
Batting: RHB Matt Strong
|
0-0: Ball 1-0: Foul Ball, location: 2F 1-1: Ball 2-1: Called Strike 2-2: Ball 3-2: Foul Ball, location: 2F 3-2: Foul Ball, location: 2F 3-2: Foul Ball, location: 2F 3-2: Fly out, F7 (Flyball, 7, EV 76.2 MPH)
|
Pitching: LHP Randy Yarrigle
|
|
Batting: LHB Jesse Henly
|
0-0: Foul Ball, location: 2F 0-1: Ball 1-1: Called Strike 1-2: Foul Ball, location: 2F 1-2: Ground out U3 (Groundball, 3, EV 104.4 MPH)
|
Batting: LHB Yeong-hun Joe
|
0-0: Ball 1-0: Called Strike 1-1: Foul Ball, location: 2F 1-2: SINGLE (Line Drive, 9S, EV 88.1 MPH)
|
Batting: LHB Ryan Flynn Jr.
|
0-0: Ball 1-0: Called Strike 1-1: Ball 2-1: Called Strike 2-2: Foul Ball, location: 2F 2-2: Ball 3-2: Foul Ball, location: 2F 3-2: Ground out 4-3 (Groundball, 34D, EV 83.8 MPH)
|
Top of the 7th over - 1 run, 2 hits, 0 errors, 1 left on base; National League 3 - American League 7 |
BOTTOM OF THE 7TH |
American League All-Stars batting - Pitching for National League All-Stars : LHP Jerry Woods
|
Batting: LHB Frank Mullen
|
0-0: Swinging Strike 0-1: Foul Ball, location: 2F 0-2: Ball 1-2: Ball 2-2: Foul Ball, location: 2F 2-2: Ground out 6-3 (Groundball, 4M, EV 108.1 MPH)
|
Batting: RHB Hieronim Rutkowski
|
0-0: Called Strike 0-1: Ball 1-1: Fly out, F9 (Flyball, 9, EV 86.9 MPH)
|
Batting: RHB Donny Burnside
|
0-0: Called Strike 0-1: Called Strike 0-2: Strikes out swinging
|
Bottom of the 7th over - 0 runs, 0 hits, 0 errors, 0 left on base; National League 3 - American League 7 |
TOP OF THE 8TH |
National League All-Stars batting - Pitching for American League All-Stars : LHP Randy Yarrigle
|
Pitching: RHP Miguel Romero
|
|
Batting: RHB Andy Swaim
|
0-0: Called Strike 0-1: Fly out, F9 (Line Drive, 9, EV 98.1 MPH)
|
Batting: RHB Tim Nettles
|
0-0: Foul Ball, location: 2F 0-1: SINGLE (Groundball, 6D, EV 105.0 MPH)
|
Batting: LHB Chris Fandino
|
0-0: Swinging Strike 0-1: Called Strike 0-2: Strikes out swinging
|
Batting: RHB Josh Lyon
|
0-0: Called Strike 0-1: Foul Ball, location: 2F 0-2: Foul Ball, location: 2F 0-2: Foul Ball, location: 2F 0-2: SINGLE (Line Drive, 34D, EV 107.5 MPH) Tim Nettles to second
|
Batting: LHB Michael Tuttle
|
0-0: Ball 1-0: Foul Ball, location: 2F 1-1: Ball Wild Pitch! Tim Nettles to third Josh Lyon to second 2-1: Fly out, F8 (Flyball, 8LM, EV 84.4 MPH)
|
Top of the 8th over - 0 runs, 2 hits, 0 errors, 2 left on base; National League 3 - American League 7 |
BOTTOM OF THE 8TH |
American League All-Stars batting - Pitching for National League All-Stars : LHP Jerry Woods
|
Pitching: RHP Ronnie DeVries
|
|
Batting: RHB Dieter Knoops
|
0-0: Ball 1-0: Foul Ball, location: 2F 1-1: Foul Ball, location: 2F 1-2: Strikes out swinging
|
Batting: SHB Eduardo Maldonado
|
0-0: Fly out, F6 (Line Drive, 6, EV 70.0 MPH)
|
Batting: RHB Ryan Alban
|
0-0: Called Strike 0-1: Ball 1-1: Ball 2-1: Ball 3-1: Ground out 6-3 (Groundball, 6, EV 81.2 MPH)
|
Bottom of the 8th over - 0 runs, 0 hits, 0 errors, 0 left on base; National League 3 - American League 7 |
TOP OF THE 9TH |
National League All-Stars batting - Pitching for American League All-Stars : RHP Miguel Romero
|
Batting: RHB Matt Strong
|
0-0: Ball 1-0: Called Strike 1-1: SINGLE (Groundball, 4MD, EV 95.6 MPH)
|
Batting: LHB Jesse Henly
|
0-0: Ball 1-0: Ball 2-0: SINGLE (Groundball, 4MD, EV 94.4 MPH) Matt Strong to second
|
Batting: LHB Yeong-hun Joe
|
0-0: Ball 1-0: Foul Ball, location: 2F 1-1: Ball 2-1: Foul Ball, location: 2F 2-2: SINGLE (Line Drive, 89S, EV 96.9 MPH) Matt Strong to third Jesse Henly to second
|
Batting: LHB Ryan Flynn Jr.
|
0-0: Ball 1-0: SINGLE (Groundball, 25, EV 72.5 MPH) (infield hit) Matt Strong scores Jesse Henly to third Yeong-hun Joe to second
|
Batting: RHB Andy Swaim
|
0-0: Foul Ball, location: 2F 0-1: Ball 1-1: Foul Ball, location: 2F 1-2: Ball 2-2: Strikes out swinging
|
Batting: RHB Tim Nettles
|
0-0: Called Strike 0-1: Grounds into double play, 4-6-3 (Groundball, 4, EV 101.2 MPH)
|
Top of the 9th over - 1 run, 4 hits, 0 errors, 2 left on base; National League 4 - American League 7 |
|